 Dungeon Crawl Stone Soup version 0.29-a0-214-g17f627cfee (webtiles) character file.

Game seed: 7440299589343690341

179 mcwallace the Shooter (level 5, 0/32 HPs)
             Began as a Tengu Hunter on Feb 24, 2022.
             Succumbed to a kobold's poison
             ... while paralysed by Grinder
             ... on level 4 of the Dungeon.
             The game lasted 00:05:16 (2408 turns).

mcwallace the Shooter (Tengu Hunter)                Turns: 2408, Time: 00:05:17

Health: 0/32       AC:  3    Str: 12    XL:     5   Next: 59%
Magic:  6/6        EV:  2    Int: 11    God:
Gold:   134        SH:  0    Dex: 17    Spells: 4/4 levels left

rFire   . . .      SeeInvis .   a - +1 shortbow {bow}
rCold   . . .      Faith    .   (shield currently unavailable)
rNeg    . . .      Spirit   .   b - +0 leather armour
rPois   .          Reflect  .   (helmet restricted)
rElec   .          Harm     .   (no cloak)
rCorr   .          Rampage  .   (no gloves)
Will    .....                   (boots unavailable)
Stlth   ++........              (no amulet)
HPRegen 0.10/turn               (no ring)
MPRegen 0.10/turn               (no ring)

@: paralysed, lethally poisoned (0 -> -4), flying quickly and evasively, quick
A: beak, talons 3, nimble flight
a: no special abilities


You were on level 4 of the Dungeon.
You visited 1 branch of the dungeon, and saw 4 of its levels.

You collected 134 gold pieces.


Innate Abilities, Weirdness & Mutations

You have a beak for a mouth.
You have claws for feet.
Your magical nature lets you fly swiftly and evasively.


   Skills:
 + Level 3.5 Fighting
 + Level 5.5 Bows
 + Level 3.9 Dodging
 - Level 1.0 Stealth


You had 4 spell levels left.
You didn't know any spells.
Your spell library was empty.

Inventory:

Hand Weapons
 a - a +1 shortbow (weapon) {bow}
 s - a +4 dagger of holy wrath {short}
   (You took it off a goblin on level 2 of the Dungeon)
 t - a +2 dagger of draining {short}
   (You found it on level 2 of the Dungeon)
 C - a +0 vorpal hand axe {axe}
   (You found it on level 3 of the Dungeon)
Missiles
 e - 3 poisoned darts {throwing}
 g - 94 stones {throwing}
 x - 3 boomerangs {throwing}
Armour
 b - a +0 leather armour (worn)
 c - a +0 ring mail
   (You found it on level 1 of the Dungeon)
 f - a +0 scale mail
   (You took it off Ijyb on level 4 of the Dungeon)
 q - a +0 animal skin
   (You took it off Robin on level 2 of the Dungeon)
 y - a +0 leather armour
   (You took it off an orc on level 3 of the Dungeon)
 z - a +0 leather armour
   (You took it off an orc on level 3 of the Dungeon)
 A - a +0 ring mail
   (You took it off an orc on level 3 of the Dungeon)
 B - a +0 robe
   (You found it on level 3 of the Dungeon)
 D - a +0 leather armour
   (You took it off an orc on level 3 of the Dungeon)
Jewellery
 i - an amulet of faith {!P}
   (You found it on level 1 of the Dungeon)
Wands
 G - a wand of iceblast (14)
   (You found it on level 4 of the Dungeon)
Scrolls
 d - a scroll of noise {unknown}
 h - a scroll of summoning {unknown}
 k - 3 scrolls of teleportation {@r4}
 l - a scroll of silence {unknown}
 m - 2 scrolls of blinking {!r}
 o - 3 scrolls of enchant armour
 v - a scroll of fog {unknown}
 F - a scroll of fear {unknown}
Potions
 j - a potion of ambrosia {unknown}
 n - a potion of brilliance {unknown}
 p - a potion of magic
 r - 2 potions of haste {@q3}
 u - a potion of attraction {unknown}
 w - 3 potions of curing {@q1}
 E - a potion of degeneration {unknown}

Dungeon Overview and Level Annotations

Branches:
Dungeon (4/15)
 Temple: D:4-7

Altars:
Kikubaaqudgha
Qazlal

Annotations:
D:4 Grinder

### ####..# #.#
##.# .## #.## ##
#..# # ### ##.# #
##.#####.## #
#####....##...# >.
...............#
...
........@5.###...#
#.. #####..K...#
..## #.......#
...# #.......##
..## #......## ..#
#......# ..#
#.....## #....##


You could see Grinder and a kobold.


Message History

Your +0 leather armour unmelds from your body.
An adder comes into view.
An adder is nearby!
Shoot: a) +1 shortbow {bow}
Press: ? - help, Q - select action, (/) - cycle Shift-Dir - straight line, f - adder
Aim: an adder (asleep, 98% to hit)
You shoot an arrow.
The arrow hits the adder but does no damage.
The adder hisses angrily.
Shoot: a) +1 shortbow {bow}
Press: ? - help, Q - select action, (/) - cycle Shift-Dir - straight line, f/p - adder
Aim: an adder (48% to hit)
You shoot an arrow. The arrow hits the adder!
You kill the adder!
Shoot: a) +1 shortbow {bow}
Press: ? - help, Q - select action, (/) - cycle Shift-Dir - straight line, f - you That would be overly suicidal.
Okay, then.
Unknown command.
F - a scroll labelled XIMUBA WOCROO
Found an escape hatch in the floor.
There is an escape hatch in the floor here.
There is an escape hatch in the floor here.
Found an escape hatch in the ceiling.
Found a stone staircase leading down.
Shoot: a) +1 shortbow {bow}
Press: ? - help, Q - select action, (/) - cycle Shift-Dir - straight line, f - you
Okay, then.
Unknown command.
An endoplasm comes into view.
The endoplasm quivers.
An endoplasm is nearby!
Shoot: a) +1 shortbow {bow}
Press: ? - help, Q - select action, (/) - cycle Shift-Dir - straight line, f - endoplasm
Aim: an endoplasm (87% to hit)
You shoot an arrow. The arrow barely misses the endoplasm.
Shoot: a) +1 shortbow {bow}
Press: ? - help, Q - select action, (/) - cycle Shift-Dir - straight line, f/p - endoplasm
Aim: an endoplasm (87% to hit)
You shoot an arrow. The arrow hits the endoplasm.
You kill the endoplasm!
G - a wand of iceblast (14)
Found a stone staircase leading down.
There is a stone staircase leading down here.
g - 94 stones {throwing} (gained 14)
An endoplasm comes into view.
An endoplasm is nearby!
Shoot: a) +1 shortbow {bow}
Press: ? - help, Q - select action, (/) - cycle Shift-Dir - straight line, f - endoplasm
Aim: an endoplasm (asleep, 98% to hit)
You shoot an arrow.
The arrow hits the endoplasm but does no damage.
The endoplasm quivers.
Shoot: a) +1 shortbow {bow}
Press: ? - help, Q - select action, (/) - cycle Shift-Dir - straight line, f/p - endoplasm
Aim: an endoplasm (87% to hit)
You shoot an arrow. The arrow barely misses the endoplasm.
Shoot: a) +1 shortbow {bow}
Press: ? - help, Q - select action, (/) - cycle Shift-Dir - straight line, f/p - endoplasm
Aim: an endoplasm (87% to hit)
You shoot an arrow. The arrow hits the endoplasm.
Shoot: a) +1 shortbow {bow}
Press: ? - help, Q - select action, (/) - cycle Shift-Dir - straight line, f/p - endoplasm
Aim: an endoplasm (heavily wounded, 87% to hit)
You shoot an arrow. The arrow barely misses the endoplasm.
Shoot: a) +1 shortbow {bow}
Press: ? - help, Q - select action, (/) - cycle Shift-Dir - straight line, f/p - endoplasm
Aim: an endoplasm (heavily wounded, 87% to hit)
You shoot an arrow. The arrow hits the endoplasm.
You kill the endoplasm!
Grinder comes into view.
Shoot: a) +1 shortbow {bow}
Press: ? - help, Q - select action, (/) - cycle Shift-Dir - straight line, f - Grinder
Aim: Grinder (asleep, 98% to hit)
You shoot an arrow. The arrow hits Grinder.
Grinder shouts!
Grinder blinks!
A kobold comes into view.
It is wielding a +0 dagger and quivering poisoned darts.
Shoot: a) +1 shortbow {bow}
Press: ? - help, Q - select action, (/) - cycle Shift-Dir - straight line, f/p - Grinder
Aim: Grinder (lightly wounded, 61% to hit)
You shoot an arrow. The kobold shouts!
The arrow hits Grinder.
Grinder blinks!
Grinder says, "FISH!"
Grinder gestures at you.
You suddenly lose the ability to move!
Grinder gestures at you. Pain shoots through your body!
The kobold throws a poisoned dart.
The poisoned dart hits you!
You are poisoned.
You feel sick. Grinder gestures at you. Pain shoots through your body!
* * * LOW HITPOINT WARNING * * *
* * * LOW HITPOINT WARNING * * *
You feel sick. Grinder hits you.
* * * LOW HITPOINT WARNING * * *
You die...

Skill      XL: |  1  2  3  4 |
---------------+-------------+-----
Dodging        | 3 |  3.9
Bows           | 5 |  5.5
Fighting       | 3 |  3.5
Stealth        | |  1.0

Action                   |  1- 3 |  4- 6 || total
-------------------------+-------+-------++-------
Melee: Unarmed           |       |     3 ||     3
 Fire: Shortbow          |    96 |    82 ||   178
  Use: Scroll            |       |     6 ||     6
Armor: Leather armour    |    10 |     6 ||    16
Dodge: Dodged            |    19 |    40 ||    59

Levels and vault maps discovered:
D:1:      lightli_arrival_flooded_house, layout_rooms,
          ebering_ecumenical_altar_abandoned
D:2:      layout_loops_ring, basic_altar, minmay_misc_feat_encased, uniq_robin
D:3:      layout_rooms, marbit_many_paths
D:4:      layout_cave_pods, uniq_ijyb, uniq_grinder

Notes
Turn   | Place    | Note
-------+----------+-------------------------------------------
     0 | D:1      | mcwallace the Tengu Hunter began the quest for the Orb.
     0 | D:1      | Reached XP level 1. HP: 12/12 MP: 2/2
     0 | D:1      | magus.rc [v1.9.6]
   124 | D:1      | Reached XP level 2. HP: 14/17 MP: 3/3
   336 | D:1      | Found a faded altar of an unknown god.
   631 | D:2      | Reached XP level 3. HP: 21/22 MP: 4/4
   717 | D:2      | Found an ancient bone altar of Kikubaaqudgha.
   755 | D:2      | Reached skill level 3 in Dodging
   922 | D:2      | Reached skill level 5 in Bows
   924 | D:2      | Reached XP level 4. HP: 27/27 MP: 5/5
   926 | D:2      | Noticed Robin
   934 | D:2      | Killed Robin
   938 | D:2      | Reached skill level 3 in Fighting
  1756 | D:3      | Gained mutation: Your magical nature lets you fly swiftly
                  | and evasively. [Tengu growth]
  1756 | D:3      | Reached XP level 5. HP: 32/32 MP: 6/6
  1932 | D:3      | Found a stormy altar of Qazlal.
  2082 | D:4      | Noticed Ijyb
  2134 | D:4      | Killed Ijyb
  2400 | D:4      | Noticed Grinder
  2403 | D:4      | Paralysed by Grinder for 7 turns
  2406 | D:4      | HP: 5/32 [Grinder/nerve-wracking pain (12)]
  2407 | D:4      | HP: 1/32 [Grinder (3)]
  2408 | D:4      | Succumbed to a kobold's poison

Vanquished Creatures
  An orc priest (D:3)
  Ijyb (D:4)
  Robin (D:2)
  4 adders
  A worm (D:2)
  2 dart slugs (D:1)
  8 orcs (D:3)
  3 endoplasms
  A giant cockroach (D:2)
  8 goblins
  7 hobgoblins
  3 quokkas
  4 ball pythons
  4 bats
  2 frilled lizards
  6 kobolds
  7 rats
63 creatures vanquished.

Table legend:
 A = Non-vault XP
 B = Vault XP
 C = Vault XP percentage of total XP
 D = Non-vault monster count
 E = Vault monster count
 F = Vault count percentage of total count
                 A         B        C        D         E       F
            +---------+---------+-------+---------+---------+-------
      Total |     188 |      68 |  26.6 |      53 |      10 |  15.9
            +---------+---------+-------+---------+---------+-------
        D:1 |      31 |       0 |   0.0 |      18 |       0 |   0.0
        D:2 |      50 |      29 |  36.7 |      20 |       8 |  28.6
        D:3 |      77 |       3 |   3.8 |      11 |       1 |   8.3
        D:4 |      30 |      36 |  54.5 |       4 |       1 |  20.0
            +---------+---------+-------+---------+---------+-------

Illustrated notes

Table legend:
 A = Kills in this place as a percentage of kills in entire the game.
 B = Kills by you in this place as a percentage of kills by you in the entire game.
 C = Kills by friends in this place as a percentage of kills by friends in the entire game.
 D = Other kills in this place as a percentage of other kills in the entire game.
 E = Experience gained in this place as a percentage of experience gained in the entire game.
 F = Experience gained in this place divided by the number of levels of this place that you have seen.
                   A       B       C       D       E      F
               +-------+-------+-------+-------+-------+----------------------
         Total | 100.0 | 100.0 |   N/A |   N/A | 100.0 |  64.0
       Dungeon | 100.0 | 100.0 |   N/A |   N/A | 100.0 |  64.0
               +-------+-------+-------+-------+-------+----------------------

Table legend: (Time is in decaauts)
 A = Elapsed time spent in this place.
 B = Non-inter-level travel time spent in this place.
 C = Inter-level travel time spent in this place.
 D = Time resting spent in this place.
 E = Time spent auto-exploring this place.
 F = Levels seen in this place.
 G = Mean time per level.
                   A        B        C        D        E       F      G
               +--------+--------+--------+--------+--------+-----+--------+
         Total |   2399 |   2372 |     27 |      0 |   1957 |   4 |  599.8 |
       Dungeon |   2399 |   2372 |     27 |      0 |   1957 |   4 |  599.8 |
               +--------+--------+--------+--------+--------+-----+--------+

Top non-repeatable levels by time:
     D:2: 790 daAuts
     D:3: 648 daAuts
     D:1: 580 daAuts
     D:4: 379 daAuts
